Hurricanes vs Jets

Created - March 25 2012 at 12:40

Goals
1 2 3 T
Hurricanes 1 1 1 3
Jets 0 0 1 1
Shots
1 2 3 T
Hurricanes 11 7 11 29
Jets 10 11 4 25

Period #1

1. Hurricanes , Jarome Iginla 55 (Mike Weber) at 7:58 (PP)

Penalties :
Dainius Zubrus (WPG) for Hooking (Minor) at 6:52, Cam Fowler (WPG) for Roughing (Minor) at 8:19, Jarome Iginla (CAR) for Slashing (Minor) at 11:30, Mike Weber (CAR) for Roughing (Double Minor) at 17:00

Period #2

2. Hurricanes , Patrick Eaves 14 (Joffrey Lupul, Patrik Elias) at 13:50

Penalties :
Alex Goligoski (WPG) for Roughing (Minor) at 2:37, Joffrey Lupul (CAR) for Holding (Minor) at 6:39, Alex Goligoski (WPG) for Slashing (Minor) at 9:33

Period #3

3. Hurricanes , Ryan Wilson 7 (Colby Armstrong, Matt Cooke) at 3:55
4. Jets , Andy McDonald 35 (Cam Fowler, Martin Erat) at 14:01

Penalties :
Matt Greene (CAR) for Holding (Minor) at 4:36, Nick Schultz (WPG) for Roughing (Minor) at 6:49, Martin Erat (WPG) for Hooking (Minor) at 15:16

Goalie Stats

Scott Clemmensen (CAR), 24 saves from 25 shots - (0.960), W, 12-12-3, 60:00 minutes
Ilya Bryzgalov (WPG), 26 saves from 29 shots - (0.897), L, 38-27-7, 60:00 minutes

Players Stats

Hurricanes
Player Name              G  A  P  +/- PIM S  H  SB FO    MP 
------------------------------------------------------------
Anton Stralman           0  0  0   0  0   2  0  2  0/0   20 
Anton Volchenkov         0  0  0   0  0   1  1  2  0/0   20 
Colby Armstrong          0  1  1   0  0   0  0  0  2/2   18 
Darroll Powe             0  0  0   1  0   0  1  0  11/23 19 
Eric Staal               0  0  0   0  0   4  0  0  7/13  16 
Jan Hejda                0  0  0   0  0   0  0  0  0/0   22 
Jarome Iginla            1  0  1   0  2   4  1  1  4/4   22 
Joffrey Lupul            0  1  1   1  2   7  1  0  2/5   20 
Matt Cooke               0  1  1   0  0   1  3  0  0/0   20 
Matt Greene              0  0  0   0  2   1  0  1  0/0   18 
Mike Lundin              0  0  0   1  0   0  0  0  0/0   0  
Mike Weber               0  1  1   1  4   1  1  0  0/0   17 
Patrick Eaves            1  0  1   1  0   4  1  0  0/1   14 
Patrik Elias             0  1  1   1  0   1  0  0  17/26 22 
Pierre-Alexandre Parente 0  0  0  -1  0   2  2  0  2/3   21 
Raffi Torres             0  0  0   0  0   0  1  0  0/0   0  
Ruslan Fedotenko         0  0  0   0  0   0  0  0  0/0   0  
Ryan Wilson              1  0  1   0  0   1  0  2  0/0   21 
Jets
Player Name              G  A  P  +/- PIM S  H  SB FO    MP 
------------------------------------------------------------
Alex Goligoski           0  0  0  -1  4   1  3  2  0/0   22 
Andrei Loktionov         0  0  0  -1  0   1  0  1  0/1   11 
Andy McDonald            1  0  1   1  0   7  1  1  8/17  20 
Blake Comeau             0  0  0  -2  0   1  1  1  0/2   18 
Cam Fowler               0  1  1   1  2   0  1  2  0/0   22 
Carlo Colaiacovo         0  0  0  -1  0   0  2  0  0/0   8  
Clarke MacArthur         0  0  0   0  0   0  1  0  0/1   13 
Dainius Zubrus           0  0  0   0  2   0  1  0  1/1   12 
Daniel Sedin             0  0  0  -2  0   1  1  0  0/0   15 
Eric Fehr                0  0  0   0  0   0  0  0  0/0   0  
Henrik Sedin             0  0  0  -2  0   4  2  1  14/28 21 
Jaroslav Spacek          0  0  0   1  0   0  2  0  0/0   20 
Martin Erat              0  1  1   1  2   3  1  0  0/1   18 
Martin Hanzal            0  0  0   0  0   1  3  0  9/25  20 
Nathan Gerbe             0  0  0   0  0   0  0  0  0/0   8  
Nick Schultz             0  0  0   0  2   1  3  2  0/0   17 
Tyler Ennis              0  0  0   1  0   4  0  0  0/1   18 
Victor Hedman            0  0  0  -1  0   1  2  1  0/0   24 

3 Stars

1 - Scott Clemmensen (CAR)
2 - Andy McDonald (WPG)
3 - Patrick Eaves (CAR)

Power Play

Hurricanes - 1 on 6 Attempt(s) - 16.67%
Jets - 0 on 5 Attempt(s) - 0.00%

Penalty Kill

Hurricanes - 5 on 5 Attempt(s) - 100.00% - Score 0 goal in Penalty Kill
Jets - 5 on 6 Attempt(s) - 83.33% - Score 0 goal in Penalty Kill

Game Notes

No Game Note

Finance

Level 1 -- Attendance: 5636 (93.93%) -- Ticket Income $507,240.00
Level 2 -- Attendance: 5000 (100.00%) -- Ticket Income $235,000.00
Level 3 -- Attendance: 2200 (100.00%) -- Ticket Income $72,600.00
Level 4 -- Attendance: 1015 (100.00%) -- Ticket Income $23,345.00
Luxury Box -- Attendance: 800 (100.00%) -- Ticket Income $136,000.00
Game was played at the MTS Center
Total Attendance: 14651 (97.58%)
Total Ticket Income: $990,896.70
Other Income: $210,183.00
Total Income: $1,201,080.00


Play by Play

Period #1

0:01 of 1st period - Pierre-Alexandre Parenteau wins face-off versus Henrik Sedin in neutral zone.
0:56 of 1st period - Shot by Patrick Eaves.
0:56 of 1st period - Stopped by Ilya Bryzgalov with a rebound.
1:00 of 1st period - Shot by Jan Hejda.
1:00 of 1st period - Deflect By Patrick Eaves.
1:00 of 1st period - Shot Blocked by Henrik Sedin.
1:02 of 1st period - Shot by Patrik Elias.
1:02 of 1st period - Shot Misses the Net.
1:07 of 1st period - Icing by Henrik Sedin.
1:08 of 1st period - Darroll Powe wins face-off versus Blake Comeau in Jets zone.
1:11 of 1st period - Shot by Matt Cooke.
1:11 of 1st period - Stopped by Ilya Bryzgalov without a rebound.
1:12 of 1st period - Darroll Powe wins face-off versus Andy McDonald in Jets zone.
1:12 of 1st period - Colby Armstrong is hit by Cam Fowler and loses puck.
1:52 of 1st period - Shot by Tyler Ennis.
1:52 of 1st period - Stopped by Scott Clemmensen without a rebound.
1:53 of 1st period - Patrik Elias wins face-off versus Martin Hanzal in Hurricanes zone.
2:09 of 1st period - Shot by Joffrey Lupul.
2:09 of 1st period - Stopped by Ilya Bryzgalov without a rebound.
2:10 of 1st period - Eric Staal wins face-off versus Martin Hanzal in Jets zone.
2:14 of 1st period - Jarome Iginla is hit by Carlo Colaiacovo and loses puck.
2:33 of 1st period - Shot by Martin Hanzal.
2:33 of 1st period - Shot Blocked by Anton Stralman.
2:42 of 1st period - Eric Staal is hit by Nick Schultz.
3:27 of 1st period - Shot by Andy McDonald.
3:27 of 1st period - Stopped by Scott Clemmensen with a rebound.
3:48 of 1st period - Off-side.
3:49 of 1st period - Henrik Sedin wins face-off versus Darroll Powe in neutral zone.
4:12 of 1st period - Shot by Matt Cooke.
4:12 of 1st period - Shot Misses the Net.
4:14 of 1st period - Shot by Darroll Powe.
4:14 of 1st period - Shot Misses the Net.
4:18 of 1st period - Shot by Ryan Wilson.
4:18 of 1st period - Shot Blocked by Alex Goligoski.
5:11 of 1st period - Shot by Tyler Ennis.
5:11 of 1st period - Shot Blocked by Anton Volchenkov.
5:33 of 1st period - Shot by Joffrey Lupul.
5:33 of 1st period - Stopped by Ilya Bryzgalov with a rebound.
5:42 of 1st period - Off-side.
5:43 of 1st period - Darroll Powe wins face-off versus Martin Hanzal in neutral zone.
6:35 of 1st period - Icing by Matt Greene.
6:36 of 1st period - Darroll Powe wins face-off versus Henrik Sedin in Hurricanes zone.
6:48 of 1st period - Shot by Daniel Sedin.
6:48 of 1st period - Stopped by Scott Clemmensen without a rebound.
6:49 of 1st period - Patrik Elias wins face-off versus Martin Hanzal in Hurricanes zone.
6:49 of 1st period - Patrik Elias is hit by Martin Hanzal.
6:52 of 1st period - Minor Penalty to Dainius Zubrus for Hooking.
6:53 of 1st period - Henrik Sedin wins face-off versus Joffrey Lupul in Jets zone.
7:00 of 1st period - Patrik Elias is hit by Henrik Sedin and loses puck.
7:20 of 1st period - Shot by Mike Weber.
7:20 of 1st period - Stopped by Ilya Bryzgalov without a rebound.
7:21 of 1st period - Eric Staal wins face-off versus Henrik Sedin in Jets zone.
7:42 of 1st period - Shot by Eric Staal.
7:42 of 1st period - Stopped by Ilya Bryzgalov without a rebound.
7:43 of 1st period - Patrik Elias wins face-off versus Martin Hanzal in Jets zone.
7:58 of 1st period - Shot by Jarome Iginla.
7:58 of 1st period - Goal by Jarome Iginla - Hurricanes : 1 - Jets : 0.
7:59 of 1st period - Jarome Iginla wins face-off versus Andy McDonald in neutral zone.
8:03 of 1st period - Eric Staal is hit by Jaroslav Spacek and loses puck.
8:19 of 1st period - Minor Penalty to Cam Fowler for Roughing.
8:20 of 1st period - Henrik Sedin wins face-off versus Darroll Powe in Jets zone.
8:41 of 1st period - Pierre-Alexandre Parenteau is hit by Martin Hanzal and loses puck.
9:15 of 1st period - Off-side.
9:16 of 1st period - Patrik Elias wins face-off versus Henrik Sedin in neutral zone.
10:12 of 1st period - Shot by Anton Stralman.
10:12 of 1st period - Shot Blocked by Nick Schultz.
10:14 of 1st period - Shot by Anton Stralman.
10:14 of 1st period - Stopped by Ilya Bryzgalov without a rebound.
10:15 of 1st period - Henrik Sedin wins face-off versus Darroll Powe in Jets zone.
10:15 of 1st period - Henrik Sedin is hit by Raffi Torres.
10:39 of 1st period - Pierre-Alexandre Parenteau is hit by Martin Erat and loses puck.
10:52 of 1st period - Shot by Andy McDonald.
10:52 of 1st period - Shot Misses the Net.
10:54 of 1st period - Shot by Martin Erat.
10:54 of 1st period - Shot Blocked by Matt Greene.
10:56 of 1st period - Shot by Martin Erat.
10:56 of 1st period - Stopped by Scott Clemmensen without a rebound.
10:57 of 1st period - Patrik Elias wins face-off versus Martin Hanzal in Hurricanes zone.
11:01 of 1st period - Off-side.
11:02 of 1st period - Martin Hanzal wins face-off versus Patrik Elias in neutral zone.
11:29 of 1st period - Shot by Joffrey Lupul.
11:29 of 1st period - Stopped by Ilya Bryzgalov without a rebound.
11:30 of 1st period - Andy McDonald wins face-off versus Eric Staal in Jets zone.
11:30 of 1st period - Minor Penalty to Jarome Iginla for Slashing.
11:31 of 1st period - Darroll Powe wins face-off versus Andy McDonald in Hurricanes zone.
11:37 of 1st period - Icing by Cam Fowler.
11:38 of 1st period - Darroll Powe wins face-off versus Martin Erat in Jets zone.
12:04 of 1st period - Shot by Tyler Ennis.
12:04 of 1st period - Shot Blocked by Anton Volchenkov.
12:06 of 1st period - Shot by Martin Erat.
12:06 of 1st period - Stopped by Scott Clemmensen without a rebound.
12:07 of 1st period - Patrik Elias wins face-off versus Henrik Sedin in Hurricanes zone.
12:26 of 1st period - Shot by Blake Comeau.
12:26 of 1st period - Stopped by Scott Clemmensen without a rebound.
12:27 of 1st period - Patrik Elias wins face-off versus Henrik Sedin in Hurricanes zone.
12:50 of 1st period - Shot by Alex Goligoski.
12:50 of 1st period - Shot Misses the Net.
12:52 of 1st period - Shot by Henrik Sedin.
12:52 of 1st period - Shot Misses the Net.
12:54 of 1st period - Shot by Henrik Sedin.
12:54 of 1st period - Stopped by Scott Clemmensen with a rebound.
13:16 of 1st period - Shot by Andy McDonald.
13:16 of 1st period - Stopped by Scott Clemmensen without a rebound.
13:17 of 1st period - Patrik Elias wins face-off versus Andy McDonald in Hurricanes zone.
13:17 of 1st period - Patrik Elias is hit by Andy McDonald.
13:35 of 1st period - Eric Staal is hit by Martin Hanzal and loses puck.
13:44 of 1st period - Anton Stralman is hit by Nick Schultz and loses puck.
13:59 of 1st period - Shot by Pierre-Alexandre Parenteau.
13:59 of 1st period - Stopped by Ilya Bryzgalov without a rebound.
14:00 of 1st period - Martin Hanzal wins face-off versus Patrik Elias in Jets zone.
14:11 of 1st period - Shot by Martin Hanzal.
14:11 of 1st period - Shot Misses the Net.
15:14 of 1st period - Shot by Martin Erat.
15:14 of 1st period - Shot Misses the Net.
15:16 of 1st period - Shot by Martin Erat.
15:16 of 1st period - Stopped by Scott Clemmensen without a rebound.
15:17 of 1st period - Pierre-Alexandre Parenteau wins face-off versus Henrik Sedin in Hurricanes zone.
15:34 of 1st period - Shot by Joffrey Lupul.
15:34 of 1st period - Shot Misses the Net.
15:40 of 1st period - Shot by Patrick Eaves.
15:40 of 1st period - Stopped by Ilya Bryzgalov without a rebound.
15:41 of 1st period - Joffrey Lupul wins face-off versus Andy McDonald in Jets zone.
16:43 of 1st period - Shot by Nathan Gerbe.
16:43 of 1st period - Shot Misses the Net.
17:00 of 1st period - Double Minor Penalty to Mike Weber for Roughing.
17:01 of 1st period - Jarome Iginla wins face-off versus Blake Comeau in Hurricanes zone.
17:36 of 1st period - Shot by Daniel Sedin.
17:36 of 1st period - Shot Misses the Net.
17:40 of 1st period - Shot by Blake Comeau.
17:40 of 1st period - Deflect By Daniel Sedin.
17:40 of 1st period - Shot Blocked by Jarome Iginla.
17:42 of 1st period - Shot by Blake Comeau.
17:42 of 1st period - Shot Misses the Net.
18:40 of 1st period - Henrik Sedin is hit by Pierre-Alexandre Parenteau and loses puck.
19:40 of 1st period - Shot by Victor Hedman.
19:40 of 1st period - Stopped by Scott Clemmensen with a rebound.
19:44 of 1st period - Shot by Alex Goligoski.
19:44 of 1st period - Shot Misses the Net.

Period #2

0:01 of 2nd period - Henrik Sedin wins face-off versus Patrik Elias in neutral zone.
0:14 of 2nd period - Shot by Alex Goligoski.
0:14 of 2nd period - Stopped by Scott Clemmensen with a rebound.
0:36 of 2nd period - Shot by Daniel Sedin.
0:36 of 2nd period - Deflect By Blake Comeau.
0:36 of 2nd period - Shot Misses the Net.
0:38 of 2nd period - Shot by Victor Hedman.
0:38 of 2nd period - Shot Blocked by Ryan Wilson.
0:40 of 2nd period - Shot by Henrik Sedin.
0:40 of 2nd period - Stopped by Scott Clemmensen without a rebound.
0:41 of 2nd period - Jarome Iginla wins face-off versus Tyler Ennis in Hurricanes zone.
1:19 of 2nd period - Pierre-Alexandre Parenteau is hit by Nick Schultz and loses puck.
1:43 of 2nd period - Off-side.
1:44 of 2nd period - Andy McDonald wins face-off versus Darroll Powe in neutral zone.
1:44 of 2nd period - Andy McDonald is hit by Matt Cooke.
2:09 of 2nd period - Cam Fowler is hit by Matt Cooke and loses puck.
2:16 of 2nd period - Shot by Andy McDonald.
2:16 of 2nd period - Stopped by Scott Clemmensen without a rebound.
2:17 of 2nd period - Patrik Elias wins face-off versus Henrik Sedin in Hurricanes zone.
2:17 of 2nd period - Patrik Elias is hit by Daniel Sedin.
2:36 of 2nd period - Patrik Elias is hit by Alex Goligoski and loses puck.
2:37 of 2nd period - Minor Penalty to Alex Goligoski for Roughing.
2:38 of 2nd period - Henrik Sedin wins face-off versus Darroll Powe in Jets zone.
2:59 of 2nd period - Shot by Joffrey Lupul.
2:59 of 2nd period - Stopped by Ilya Bryzgalov without a rebound.
3:00 of 2nd period - Dainius Zubrus wins face-off versus Patrik Elias in Jets zone.
3:25 of 2nd period - Shot by Jarome Iginla.
3:25 of 2nd period - Shot Blocked by Cam Fowler.
4:23 of 2nd period - Off-side.
4:24 of 2nd period - Martin Hanzal wins face-off versus Patrik Elias in neutral zone.
4:42 of 2nd period - Off-side.
4:43 of 2nd period - Eric Staal wins face-off versus Martin Hanzal in neutral zone.
4:48 of 2nd period - Shot by Jarome Iginla.
4:48 of 2nd period - Shot Misses the Net.
5:24 of 2nd period - Shot by Andy McDonald.
5:24 of 2nd period - Stopped by Scott Clemmensen without a rebound.
5:25 of 2nd period - Patrik Elias wins face-off versus Henrik Sedin in Hurricanes zone.
5:38 of 2nd period - Shot by Henrik Sedin.
5:38 of 2nd period - Stopped by Scott Clemmensen without a rebound.
5:39 of 2nd period - Andy McDonald wins face-off versus Darroll Powe in Hurricanes zone.
5:54 of 2nd period - Shot by Matt Cooke.
5:54 of 2nd period - Shot Misses the Net.
6:04 of 2nd period - Shot by Andy McDonald.
6:04 of 2nd period - Stopped by Scott Clemmensen without a rebound.
6:05 of 2nd period - Patrik Elias wins face-off versus Henrik Sedin in Hurricanes zone.
6:27 of 2nd period - Joffrey Lupul is hit by Victor Hedman and loses puck.
6:39 of 2nd period - Minor Penalty to Joffrey Lupul for Holding.
6:40 of 2nd period - Jarome Iginla wins face-off versus Andy McDonald in Hurricanes zone.
7:01 of 2nd period - Shot by Cam Fowler.
7:01 of 2nd period - Shot Misses the Net.
8:42 of 2nd period - Shot by Martin Hanzal.
8:42 of 2nd period - Shot Misses the Net.
8:44 of 2nd period - Shot by Nick Schultz.
8:44 of 2nd period - Stopped by Scott Clemmensen without a rebound.
8:45 of 2nd period - Martin Hanzal wins face-off versus Eric Staal in Hurricanes zone.
8:55 of 2nd period - Shot by Carlo Colaiacovo.
8:55 of 2nd period - Shot Misses the Net.
8:57 of 2nd period - Shot by Carlo Colaiacovo.
8:57 of 2nd period - Shot Blocked by Anton Stralman.
9:02 of 2nd period - Andrei Loktionov is hit by Anton Volchenkov and loses puck.
9:33 of 2nd period - Minor Penalty to Alex Goligoski for Slashing.
9:34 of 2nd period - Darroll Powe wins face-off versus Clarke MacArthur in Jets zone.
9:35 of 2nd period - Shot by Anton Stralman.
9:35 of 2nd period - Shot Blocked by Nick Schultz.
11:11 of 2nd period - Icing by Matt Cooke.
11:12 of 2nd period - Patrik Elias wins face-off versus Andy McDonald in Hurricanes zone.
11:12 of 2nd period - Patrik Elias is hit by Dainius Zubrus.
11:39 of 2nd period - Off-side.
11:40 of 2nd period - Martin Hanzal wins face-off versus Eric Staal in neutral zone.
11:49 of 2nd period - Shot by Clarke MacArthur.
11:49 of 2nd period - Shot Misses the Net.
12:26 of 2nd period - Shot by Matt Cooke.
12:26 of 2nd period - Shot Misses the Net.
13:50 of 2nd period - Shot by Joffrey Lupul.
13:50 of 2nd period - Deflect By Patrick Eaves.
13:50 of 2nd period - Goal by Patrick Eaves - Hurricanes : 2 - Jets : 0.
13:51 of 2nd period - Henrik Sedin wins face-off versus Darroll Powe in neutral zone.
13:57 of 2nd period - Icing by Matt Cooke.
13:58 of 2nd period - Henrik Sedin wins face-off versus Darroll Powe in Hurricanes zone.
14:05 of 2nd period - Shot by Victor Hedman.
14:05 of 2nd period - Shot Blocked by Ryan Wilson.
14:23 of 2nd period - Ryan Wilson is hit by Carlo Colaiacovo and loses puck.
15:15 of 2nd period - Cam Fowler is hit by Pierre-Alexandre Parenteau and loses puck.
15:38 of 2nd period - Shot by Eric Staal.
15:38 of 2nd period - Shot Misses the Net.
15:42 of 2nd period - Shot by Eric Staal.
15:42 of 2nd period - Deflect By Jarome Iginla.
15:42 of 2nd period - Stopped by Ilya Bryzgalov without a rebound.
15:43 of 2nd period - Darroll Powe wins face-off versus Martin Hanzal in Jets zone.
15:55 of 2nd period - Icing by Nick Schultz.
15:56 of 2nd period - Eric Staal wins face-off versus Martin Hanzal in Jets zone.
16:12 of 2nd period - Off-side.
16:13 of 2nd period - Darroll Powe wins face-off versus Martin Hanzal in neutral zone.
16:54 of 2nd period - Shot by Tyler Ennis.
16:54 of 2nd period - Stopped by Scott Clemmensen with a rebound.
16:56 of 2nd period - Shot by Martin Erat.
16:56 of 2nd period - Shot Misses the Net.
17:10 of 2nd period - Shot by Tyler Ennis.
17:10 of 2nd period - Stopped by Scott Clemmensen without a rebound.
17:11 of 2nd period - Henrik Sedin wins face-off versus Eric Staal in Hurricanes zone.
18:02 of 2nd period - Shot by Patrik Elias.
18:02 of 2nd period - Stopped by Ilya Bryzgalov without a rebound.
18:03 of 2nd period - Patrik Elias wins face-off versus Martin Hanzal in Jets zone.
18:04 of 2nd period - Shot by Joffrey Lupul.
18:04 of 2nd period - Stopped by Ilya Bryzgalov without a rebound.
18:05 of 2nd period - Patrik Elias wins face-off versus Martin Hanzal in Jets zone.
18:10 of 2nd period - Shot by Patrick Eaves.
18:10 of 2nd period - Stopped by Ilya Bryzgalov without a rebound.
18:11 of 2nd period - Patrik Elias wins face-off versus Martin Hanzal in Jets zone.
18:29 of 2nd period - Martin Hanzal is hit by Mike Weber and loses puck.
18:34 of 2nd period - Shot by Martin Hanzal.
18:34 of 2nd period - Stopped by Scott Clemmensen with a rebound.
18:36 of 2nd period - Shot by Andrei Loktionov.
18:36 of 2nd period - Stopped by Scott Clemmensen without a rebound.
18:37 of 2nd period - Andy McDonald wins face-off versus Pierre-Alexandre Parenteau in Hurricanes zone.
18:56 of 2nd period - Shot by Jarome Iginla.
18:56 of 2nd period - Stopped by Ilya Bryzgalov without a rebound.
18:57 of 2nd period - Darroll Powe wins face-off versus Henrik Sedin in Jets zone.
18:57 of 2nd period - Darroll Powe is hit by Victor Hedman.
19:08 of 2nd period - Icing by Victor Hedman.
19:09 of 2nd period - Henrik Sedin wins face-off versus Patrik Elias in Jets zone.
19:16 of 2nd period - Patrik Elias is hit by Henrik Sedin and loses puck.

Period #3

0:01 of 3rd period - Eric Staal wins face-off versus Henrik Sedin in neutral zone.
0:01 of 3rd period - Jarome Iginla is hit by Blake Comeau and loses puck.
0:05 of 3rd period - Anton Stralman is hit by Alex Goligoski and loses puck.
0:39 of 3rd period - Shot by Eric Staal.
0:39 of 3rd period - Shot Blocked by Victor Hedman.
1:13 of 3rd period - Shot by Andy McDonald.
1:13 of 3rd period - Stopped by Scott Clemmensen without a rebound.
1:14 of 3rd period - Colby Armstrong wins face-off versus Martin Hanzal in Hurricanes zone.
1:25 of 3rd period - Shot by Colby Armstrong.
1:25 of 3rd period - Shot Misses the Net.
2:07 of 3rd period - Patrick Eaves is hit by Clarke MacArthur and loses puck.
2:20 of 3rd period - Shot by Joffrey Lupul.
2:20 of 3rd period - Shot Misses the Net.
3:23 of 3rd period - Eric Staal is hit by Jaroslav Spacek.
3:37 of 3rd period - Shot by Eric Staal.
3:37 of 3rd period - Shot Blocked by Alex Goligoski.
3:55 of 3rd period - Shot by Ryan Wilson.
3:55 of 3rd period - Goal by Ryan Wilson - Hurricanes : 3 - Jets : 0.
3:56 of 3rd period - Martin Hanzal wins face-off versus Darroll Powe in neutral zone.
4:03 of 3rd period - Shot by Martin Hanzal.
4:03 of 3rd period - Shot Misses the Net.
4:36 of 3rd period - Minor Penalty to Matt Greene for Holding.
4:37 of 3rd period - Patrik Elias wins face-off versus Henrik Sedin in Hurricanes zone.
5:50 of 3rd period - Jaroslav Spacek is hit by Jarome Iginla and loses puck.
6:45 of 3rd period - Martin Hanzal is hit by Joffrey Lupul and loses puck.
6:49 of 3rd period - Minor Penalty to Nick Schultz for Roughing.
6:50 of 3rd period - Henrik Sedin wins face-off versus Darroll Powe in Jets zone.
6:50 of 3rd period - Alex Goligoski is hit by Darroll Powe and loses puck.
9:00 of 3rd period - Shot by Joffrey Lupul.
9:00 of 3rd period - Shot Blocked by Andrei Loktionov.
9:17 of 3rd period - Off-side.
9:18 of 3rd period - Henrik Sedin wins face-off versus Eric Staal in neutral zone.
9:21 of 3rd period - Shot by Henrik Sedin.
9:21 of 3rd period - Stopped by Scott Clemmensen with a rebound.
10:40 of 3rd period - Icing by Jan Hejda.
10:41 of 3rd period - Eric Staal wins face-off versus Martin Hanzal in Hurricanes zone.
11:03 of 3rd period - Nick Schultz is hit by Patrick Eaves.
11:06 of 3rd period - Off-side.
11:07 of 3rd period - Darroll Powe wins face-off versus Andrei Loktionov in neutral zone.
11:12 of 3rd period - Shot by Joffrey Lupul.
11:12 of 3rd period - Stopped by Ilya Bryzgalov without a rebound.
11:13 of 3rd period - Martin Hanzal wins face-off versus Darroll Powe in Jets zone.
11:13 of 3rd period - Martin Hanzal is hit by Matt Cooke.
11:35 of 3rd period - Shot by Matt Greene.
11:35 of 3rd period - Stopped by Ilya Bryzgalov without a rebound.
11:36 of 3rd period - Andy McDonald wins face-off versus Darroll Powe in Jets zone.
13:22 of 3rd period - Shot by Joffrey Lupul.
13:22 of 3rd period - Stopped by Ilya Bryzgalov with a rebound.
13:37 of 3rd period - Icing by Patrick Eaves.
13:38 of 3rd period - Andy McDonald wins face-off versus Joffrey Lupul in Hurricanes zone.
13:43 of 3rd period - Shot by Tyler Ennis.
13:43 of 3rd period - Stopped by Scott Clemmensen without a rebound.
13:44 of 3rd period - Colby Armstrong wins face-off versus Andy McDonald in Hurricanes zone.
14:01 of 3rd period - Shot by Andy McDonald.
14:01 of 3rd period - Goal by Andy McDonald - Hurricanes : 3 - Jets : 1.
14:02 of 3rd period - Martin Hanzal wins face-off versus Joffrey Lupul in neutral zone.
14:08 of 3rd period - Icing by Ryan Wilson.
14:09 of 3rd period - Joffrey Lupul wins face-off versus Martin Hanzal in Hurricanes zone.
15:16 of 3rd period - Minor Penalty to Martin Erat for Hooking.
15:17 of 3rd period - Martin Hanzal wins face-off versus Patrik Elias in Jets zone.
16:16 of 3rd period - Shot by Anton Stralman.
16:16 of 3rd period - Shot Misses the Net.
16:20 of 3rd period - Shot by Jarome Iginla.
16:20 of 3rd period - Deflect By Matt Cooke.
16:20 of 3rd period - Shot Misses the Net.
16:59 of 3rd period - Pierre-Alexandre Parenteau is hit by Alex Goligoski and loses puck.
17:22 of 3rd period - Shot by Eric Staal.
17:22 of 3rd period - Stopped by Ilya Bryzgalov with a rebound.
17:24 of 3rd period - Shot by Raffi Torres.
17:24 of 3rd period - Deflect By Eric Staal.
17:24 of 3rd period - Shot Blocked by Andy McDonald.
17:28 of 3rd period - Shot by Patrick Eaves.
17:28 of 3rd period - Deflect By Eric Staal.
17:28 of 3rd period - Stopped by Ilya Bryzgalov without a rebound.
17:29 of 3rd period - Andy McDonald wins face-off versus Patrik Elias in Jets zone.
17:50 of 3rd period - Shot by Patrik Elias.
17:50 of 3rd period - Shot Blocked by Blake Comeau.
17:52 of 3rd period - Shot by Matt Cooke.
17:52 of 3rd period - Shot Blocked by Cam Fowler.
17:54 of 3rd period - Shot by Anton Stralman.
17:54 of 3rd period - Stopped by Ilya Bryzgalov without a rebound.
17:55 of 3rd period - Henrik Sedin wins face-off versus Patrick Eaves in Jets zone.
18:17 of 3rd period - Shot by Joffrey Lupul.
18:17 of 3rd period - Shot Misses the Net.
18:21 of 3rd period - Shot by Darroll Powe.
18:21 of 3rd period - Shot Misses the Net.
18:23 of 3rd period - Shot by Anton Volchenkov.
18:23 of 3rd period - Stopped by Ilya Bryzgalov without a rebound.
18:24 of 3rd period - Eric Staal wins face-off versus Andy McDonald in Jets zone.
18:27 of 3rd period - Shot by Jarome Iginla.
18:27 of 3rd period - Stopped by Ilya Bryzgalov without a rebound.
18:28 of 3rd period - Andy McDonald wins face-off versus Eric Staal in Jets zone.
18:48 of 3rd period - Shot by Pierre-Alexandre Parenteau.
18:48 of 3rd period - Stopped by Ilya Bryzgalov with a rebound.
18:50 of 3rd period - Shot by Jarome Iginla.
18:50 of 3rd period - Shot Misses the Net.
18:52 of 3rd period - Shot by Eric Staal.
18:52 of 3rd period - Stopped by Ilya Bryzgalov without a rebound.
18:53 of 3rd period - Henrik Sedin wins face-off versus Patrik Elias in Jets zone.
19:12 of 3rd period - Shot by Daniel Sedin.
19:12 of 3rd period - Shot Misses the Net.
19:15 of 3rd period - Icing by Mike Weber.
19:16 of 3rd period - Patrik Elias wins face-off versus Henrik Sedin in Hurricanes zone.


Output by the SimonT Hockey Simulator (STHS) for Stephane Roy -- Original Page W3C XHTML 1.0 Valid